 Dungeon Sprint DCSS version 0.21-a0-338-g36cf2fc (webtiles) character file.

4114 Kidiri the Fighter (level 10, -19/102 HPs)
             Began as a Green Draconian Berserker on Oct 3, 2017.
             Was an Elder of Trog.
             Demolished by a shadow wraith (20 damage)
             ... in the Dungeon (Sprint VII: "The Pits").
             The game lasted 00:06:00 (1559 turns).

Kidiri the Fighter (Green Draconian Berserker)      Turns: 1559, Time: 00:06:01

Health: -19/102    AC:  8    Str: 26    XL:     10   Next: 6%
Magic:  3/3        EV: 21    Int:  7    God:    Trog [****..]
Gold:   0          SH:  0    Dex: 11    Spells: 9/9 levels left

rFire    . . .     SeeInvis .   p - +2 triple sword (antimagic)
rCold    . . .     Gourm    .   (shield currently unavailable)
rNeg     . . .     Faith    .   (armour unavailable)
rPois    +         Spirit   .   (helmet restricted)
rElec    .         Reflect  .   (no cloak)
rCorr    .         Harm     .   a - +0 pair of gloves
MR       .....     NoTele   +   (no boots)
Stlth    +.........             (no amulet)
HPRegen  0.27/turn              s - +3 ring of strength
MPRegen  0.08/turn              t - +3 ring of evasion

@: short of breath, slowed, very slow
A: breathe noxious fumes, unfitting armour, poison resistance, cold-blooded, AC
+7
a: Breathe Noxious Fumes, Berserk, Trog's Hand, Brothers in Arms, Burn
Spellbooks, Renounce Religion


You were in the Dungeon.
You worshipped Trog.
Trog was greatly pleased with you.
You were very full.

You visited 1 branch

Inventory:

Hand Weapons
 p - a +2 antimagic triple sword (weapon)
 r - a +0 scimitar of flaming
 x - a +1 long sword of holy wrath
Missiles
 o - 13 needles of sleeping
 q - 12 needles of confusion
 y - 8 javelins of returning (quivered)
Armour
 a - a +0 pair of gloves (worn)
Jewellery
 s - a +3 ring of strength (left hand)
 t - a +3 ring of evasion (right hand)
Scrolls
 j - 3 scrolls of remove curse
 k - a scroll of summoning
Potions
 c - 9 potions of curing
 d - 5 potions of heal wounds
 e - 2 potions of haste
 f - 4 potions of magic
 g - 4 potions of berserk rage
 i - 2 potions of invisibility
 u - a potion of might
 v - a potion of agility
 w - a potion of brilliance
Comestibles
 b - 8 bread rations
 l - 28 fruits
 m - 7 meat rations


   Skills:
 * Level 13.7 Fighting
 * Level 12.8 Long Blades
 + Level 8.3 Throwing
 * Level 11.9 Dodging


You had 9 spell levels left.
You didn't know any spells.

Dungeon Overview and Level Annotations

Branches:
Dungeon (1/1)

Altars:
Ashenzari
Cheibriados
Dithmenos
Elyvilon
Fedhas
Gozag
Hepliaklqana
Kikubaaqudgha
Makhleb
Nemelex Xobeh
Okawaru
Qazlal
Ru
Sif Muna
Trog
Uskayaw
Vehumet
Wu Jian
Xom
Yredelemnul
Zin
The Shining One
Beogh
Jiyva
Lugonu


Innate Abilities, Weirdness & Mutations

You can breathe blasts of noxious fumes.
Your lurid green scales are hard. (AC +7)
You cannot fit into any form of body armour.
Your system is resistant to poisons. (rPois)
You are cold-blooded and may be slowed by cold attacks.


Message History

Something drains your vigour!
You feel yourself slow down.
Unknown command.
Press: ? - help, Shift-Dir - straight line You exhale a blast of noxious fumes.
You feel somewhat less full. Something barely misses you.
Unknown command.
Your ogre goes berserk!
You feel quite a bit less full. Trog will no longer gift you weapons.
Something barely misses you. x2
You miss something. You tail-slap something. Something misses you.
Something hits you!
* * * LOW HITPOINT WARNING * * *
Something drains your vigour!
You feel as though you will be slow longer.
Unknown command.
You miss something. Something hits you!
* * * LOW HITPOINT WARNING * * *
Something hits you!!
You die...

.....##..#..##...##..+...#
.....##.)#).#.....#..#§..#
#######..'..+.....+..+.v.+
#######..#..#.....#..#...#
#...[##..#..##...##..+.k.#
#..[[##..##..##'##..##vt.##
+..))##...##.+...+.##..Ov.#
#..))##....###.O{###t§v#...#
#..))##......#..@+).v.###...#
####################### ####


You could see a friendly ogre (berserk).

Vanquished Creatures
  An anaconda (D)
  A death yak (D)
  A deep elf mage (D)
  A black mamba (D)
  A spiny frog (D)
  A redback (D)
  A hungry ghost (D)
  A swamp drake (D)
  A quasit (D)
  An iguana (D)
  A mummy (D)
  An ooze (D)
  An adder skeleton (D)
  An adder zombie (D)
  A worm (D)
  2 leopard geckos (D)
  An orc (D)
  2 goblins (D)
  3 jackals (D)
  2 quokkas (D)
  A bat (D)
  A frilled lizard (D)
  2 kobolds (D)
29 creatures vanquished.

Vanquished Creatures (collateral kills)
  3 death yaks (D)
  An efreet (D)
  A shadow (D)
  A ynoxinul (D)
  A tarantella (D)
  A black bear (D)
  A centaur (D)
  A bullfrog (D)
  An orc wizard (D)
  An iron imp (D)
  An orc (D)
  A jackal (D)
  A frilled lizard (D)
  2 kobolds (D)
17 creatures vanquished.

Vanquished Creatures (others)
  A quokka (D)
1 creature vanquished.

Grand Total: 47 creatures vanquished

Notes
Turn   | Place    | Note
-------+----------+-------------------------------------------
     0 | D        | Kidiri the Draconian Berserker began the quest for the Orb.
     0 | D        | Reached XP level 1. HP: 19/19 MP: 1/1
    51 | D        | Found a bloodstained altar of Trog.
    51 | D        | Found a deep blue altar of Sif Muna.
    51 | D        | Found a viscous altar of Jiyva.
    51 | D        | Found a hazy altar of Hepliaklqana.
    51 | D        | Found an opulent altar of Gozag.
    52 | D        | Found a glowing golden altar of the Shining One.
    52 | D        | Found a glowing silver altar of Zin.
    52 | D        | Found a basalt altar of Yredelemnul.
    52 | D        | Found a shimmering altar of Xom.
    52 | D        | Found an ornate altar of the Wu Jian Council.
    52 | D        | Found a sacrificial altar of Ru.
    52 | D        | Found a stormy altar of Qazlal.
    52 | D        | Found an iron altar of Okawaru.
    52 | D        | Found a sparkling altar of Nemelex Xobeh.
    52 | D        | Found a burning altar of Makhleb.
    52 | D        | Found a blossoming altar of Fedhas.
    52 | D        | Found a white marble altar of Elyvilon.
    52 | D        | Found a shadowy altar of Dithmenos.
    52 | D        | Found a snail-covered altar of Cheibriados.
    54 | D        | Found a radiant altar of Vehumet.
    54 | D        | Found a corrupted altar of Lugonu.
    54 | D        | Found a roughly hewn altar of Beogh.
    55 | D        | Found a hide-covered altar of Uskayaw.
    55 | D        | Found an ancient bone altar of Kikubaaqudgha.
    55 | D        | Found a shattered altar of Ashenzari.
    79 | D        | Reached ** piety under Trog
   209 | D        | Reached skill level 1 in Throwing
   212 | D        | Reached skill level 4 in Fighting
   212 | D        | Reached XP level 2. HP: 16/27 MP: 2/2
   331 | D        | Reached *** piety under Trog
   341 | D        | Reached skill level 5 in Fighting
   341 | D        | Reached XP level 3. HP: 9/36 MP: 3/3
   577 | D        | Noticed a hungry ghost
   585 | D        | Killed a hungry ghost
   585 | D        | Reached **** piety under Trog
   585 | D        | Reached skill level 7 in Fighting
   585 | D        | Reached XP level 4. HP: 47/47 MP: 4/4
   585 | D        | Reached XP level 5. HP: 52/52 MP: 5/5
   604 | D        | Received a gift from Trog
   640 | D        | Noticed a black bear
   645 | D        | Killed a black bear
   656 | D        | Reached skill level 8 in Fighting
   656 | D        | Reached XP level 6. HP: 52/61 MP: 6/6
   657 | D        | Reached ***** piety under Trog
   702 | D        | Noticed an efreet
   705 | D        | Killed an efreet
   705 | D        | Reached skill level 9 in Fighting
   706 | D        | Received a gift from Trog
   710 | D        | Received a gift from Trog
   958 | D        | Noticed a ynoxinul
   963 | D        | Killed a ynoxinul
   963 | D        | Reached skill level 5 in Throwing
   963 | D        | Your scales start taking on a lurid green colour.
   963 | D        | Reached XP level 7. HP: 67/70 MP: 2/7
   963 | D        | Gained mutation: Your system is resistant to poisons. (rPois) [Green Draconian growth]
   973 | D        | Noticed a tarantella
   974 | D        | Killed a tarantella
  1014 | D        | Noticed a deep elf mage
  1025 | D        | Killed a deep elf mage
  1025 | D        | Reached skill level 10 in Fighting
  1080 | D        | Noticed a spiny frog
  1084 | D        | Killed a spiny frog
  1084 | D        | Received a gift from Trog
  1084 | D        | Reached skill level 11 in Fighting
  1084 | D        | Reached skill level 10 in Long Blades
  1084 | D        | Reached XP level 8. HP: 82/82 MP: 2/8
  1144 | D        | Reached skill level 10 in Dodging
  1252 | D        | Noticed a death yak
  1252 | D        | Noticed a death yak
  1253 | D        | Noticed a death yak
  1256 | D        | Noticed a death yak
  1257 | D        | Noticed a black mamba
  1258 | D        | Killed a death yak
  1258 | D        | Received a gift from Trog
  1258 | D        | Reached skill level 12 in Fighting
  1258 | D        | Reached XP level 9. HP: 66/90 MP: 3/9
  1258 | D        | Killed a death yak
  1263 | D        | Killed a death yak
  1265 | D        | Killed a black mamba
  1265 | D        | Reached skill level 13 in Fighting
  1266 | D        | Killed a death yak
  1266 | D        | Received a gift from Trog
  1449 | D        | Noticed an anaconda
  1459 | D        | Killed an anaconda
  1459 | D        | Received a gift from Trog
  1459 | D        | Reached XP level 10. HP: 85/102 MP: 3/10
  1464 | D        | Noticed a lindwurm
  1559 | D        | HP: 1/102 [something (16)]
  1559 | D        | Demolished by a shadow wraith

Vault maps used:
D:        pitsprint

Skill      XL: |  1  2  3  4  5  6  7  8  9 |
---------------+----------------------------+-----
Dodging        | 3 4 6 7 9 10 11 | 11.9
Throwing       | 1 2 3 4 5 6 7 8 |  8.3
Fighting       | 4 5 7 8 9 11 12 13 | 13.7
Long Blades    | 4 6 7 8 10 11 12 | 12.8

Action                   |  1- 3 |  4- 6 |  7- 9 | 10-12 || total
-------------------------+-------+-------+-------+-------++-------
Melee: Falchion          |    24 |       |       |       ||    24
       Tailslap          |     3 |     6 |     5 |     1 ||    15
       Long sword        |     5 |    18 |       |       ||    23
       Triple sword      |       |     2 |    29 |     5 ||    36
Invok: Berserk           |     2 |     1 |     3 |       ||     6
       Trog's Hand       |     1 |       |     1 |       ||     2
       Brothers in Arms  |       |     3 |     2 |     2 ||     7
 Abil: Breathe Noxious F |       |       |     1 |     1 ||     2
  Use: Potion            |       |       |     1 |       ||     1
       Scroll            |       |       |       |     1 ||     1
 Stab: Sleeping          |     1 |       |       |       ||     1
  Eat: Chunk             |       |     5 |     3 |       ||     8
       Fruit             |       |       |    12 |       ||    12
Armor: Skin              |     6 |     8 |     5 |     2 ||    21
Dodge: Dodged            |    23 |    22 |    36 |    14 ||    95
       Rpst.: Falchion   |     6 |       |       |       ||     6
       Long sword        |     1 |     5 |       |       ||     6
       Triple sword      |       |     1 |     9 |     2 ||    12

Table legend:
 A = Spawn XP
 B = Non-spawn XP
 C = Spawn XP percentage of total XP
 D = Spawn monster count
 E = Non-spawn monster count
 F = Spawn count percentage of total count
 G = Total turns spent on level
                    A         B        C        D         E        F      G
               +---------+---------+-------+---------+---------+-------+---------
         Total |       0 |    5878 |   0.0 |       0 |      46 |   0.0 |  1559
               +---------+---------+-------+---------+---------+-------+---------
             D |       0 |    5878 |   0.0 |       0 |      46 |   0.0 |  1559
               +---------+---------+-------+---------+---------+-------+---------
